 Dungeon Crawl Stone Soup version 0.30-a0-358-g0d69a1922f (webtiles) character file.

Game seed: 2315492023021701234

474 LutherGrant the Cutter (level 7, -4/37 HPs)
             Began as a Vine Stalker Fighter on Nov 8, 2022.
             Was an Initiate of Trog.
             Slain by an iguana (9 damage)
             ... on level 4 of the Dungeon.
             The game lasted 00:08:06 (3021 turns).

LutherGrant the Cutter (Vine Stalker Fighter)       Turns: 3021, Time: 00:08:07

Health: -4/37      AC: 10    Str: 21    XL:     7   Next: 10%
Magic:  0/8        EV:  8    Int:  8    God:    Trog [......]
Gold:   166        SH:  0    Dex: 13    Spells: 6/6 levels left

rFire   . . .      SeeInvis .    d - +1 rapier (flame)
rCold   . . .      Faith    .    (no shield)
rNeg    . . .      Spirit   +    e - +1 chain mail
rPois   .          Reflect  .    (no helmet)
rElec   .          Harm     .    (no cloak)
rCorr   .          Rampage  .    (no gloves)
Will    .....                    (no boots)
Stlth   ..........               (no amulet)
HPRegen 1.06/turn                (no ring)
MPRegen 0.11/turn                (no ring)

@: no status effects
A: fangs 2, regeneration 1, magic shield, antimagic bite, no potion heal 2
a: Renounce Religion


You were on level 4 of the Dungeon.
You worshipped Trog.
Trog was noncommittal.
You visited 1 branch of the dungeon, and saw 4 of its levels.

You collected 166 gold pieces.

Inventory:

Hand Weapons
 a - a +0 rapier
 d - a +1 rapier of flaming (weapon)
Armour
 b - a +0 scale mail
 c - a +0 buckler
 e - a +1 chain mail (worn)
Jewellery
 i - a +6 ring of intelligence
 m - a ring of wizardry
Scrolls
 g - 2 scrolls of identify
 j - a scroll of fear {unknown}
 k - a scroll of enchant weapon
 n - a scroll of amnesia {unknown}
 r - a scroll of teleportation
Potions
 f - 7 potions of curing
 l - a potion of lignification
 q - a potion of ambrosia


   Skills:
 + Level 3.7 Fighting
 * Level 4.1 Short Blades
 + Level 3.4 Armour
 * Level 3.1 Dodging
 - Level 2.7 Shields


You had 6 spell levels left.
You didn't know any spells.
Your spell library was empty.

Dungeon Overview and Level Annotations

Branches:
Dungeon (4/15)
 Temple: D:4-7

Altars:
Cheibriados
Makhleb
Trog
Uskayaw
Zin

Shops:
D:3 !

Annotations:
D:2 Sigmund
D:4 Natasha


Innate Abilities, Weirdness & Mutations

You have extremely sharp teeth.
Your natural rate of healing is unusually fast.
When hurt, damage is shared between your health and your magic reserves.
Your bite disrupts and absorbs the magic of your enemies.
Potions cannot restore your health.


Message History

The orc hits you but does no damage.
You barely miss the orc. Your bite misses the orc.
The orc is almost dead.
The orc hits you but does no damage. x3
You hit the orc. You burn the orc.
You kill the orc!
Trog accepts your kill. The orc hits you but does no damage. x2
You barely miss the orc. The orc hits you with a +0 club.
The orc hits you with a +0 mace. The orc barely misses you.
The orc priest looks satisfied for a moment.
You barely miss the orc. Your bite misses the orc.
Natasha mumbles some strange words.
The orc hits you with a +0 club. The orc barely misses you.
The orc hits you but does no damage.
The orc priest looks braver for a moment.
You puncture the orc! You burn the orc.
You kill the orc!
Trog accepts your kill. The orc hits you but does no damage. x2
Natasha hisses.
You closely miss the iguana. Your bite misses the iguana.
The orc barely misses you. The iguana bites you. The orc closely misses you.
You hit the iguana but do no damage. Your bite misses the iguana.
The orc barely misses you. The iguana bites you!
* * * LOW HITPOINT WARNING * * *
The orc hits you but does no damage.
You hit the iguana but do no damage. Your bite misses the iguana.
The orc hits you with a +0 mace.
* * * LOW HITPOINT WARNING * * *
The iguana barely misses you. The orc hits you but does no damage.
You barely miss the iguana. Your bite misses the iguana.
The orc hits you with a +0 mace.
The iguana bites you but does no damage.
The orc closely misses you.
It was a potion of cancellation.
You feel magically purged. The orc hits you with a +0 mace.
* * * LOW HITPOINT WARNING * * *
The iguana bites you!
You die...

,,,,,,,,,,,*,* ##..##
,,,,,,,,....,* #....#
,,,,,,,,....,** #....#
,,,,,,,,.....,* ##....#
,,,,,,,,..(..,* #.....#
,,,,,,,,......* ##.....#
,,,,,,,,......#* ##...)..#
,,,,,,,,.....5h####.......#
,,,,,,,,/....gol@.........#
*,,,,,,,$.?..##oo.........#
**,,,,,,?..,,*#########...##
***,,,,.,,,** #....###
***,,,,,** ##.)...###
******* #.......# ###.....#
*** ###...# *******,****
##..#


You could see an iguana, an orc priest, Natasha, a white imp (summoned), 2 orcs
and a goblin.

Vanquished Creatures
  Edmund (D:4)
  A scorpion (D:4)
  An iguana (D:4)
  Natasha (twice) (D:4)
  A mummy (D:3)
  Robin (D:2)
  7 gnolls (D:3)
  4 adders
  A dart slug (D:1)
  2 worms
  7 orcs (D:4)
  5 ball pythons
  8 endoplasms
  3 giant cockroaches
  12 goblins
  8 hobgoblins
  8 bats
  6 frilled lizards
  8 kobolds
  4 rats
90 creatures vanquished.

Notes
Turn   | Place    | Note
-------+----------+-------------------------------------------
     0 | D:1      | LutherGrant the Vine Stalker Fighter began the quest for
                  | the Orb.
     0 | D:1      | Reached XP level 1. HP: 11/11 MP: 2/2
   243 | D:1      | Reached skill level 2 in Short Blades
   243 | D:1      | Reached XP level 2. HP: 16/16 MP: 3/3
   765 | D:2      | Reached XP level 3. HP: 19/19 MP: 4/4
   778 | D:2      | Reached skill level 1 in Dodging
  1019 | D:2      | Noticed Robin
  1038 | D:2      | HP: 1/20 [goblin/+0 club[Robin] (1)]
  1039 | D:2      | Killed Robin
  1040 | D:2      | Gained mutation: Your natural rate of healing is unusually
                  | fast. [Vine Stalker growth]
  1040 | D:2      | Reached XP level 4. HP: 2/24 MP: 0/5
  1177 | D:2      | Found a hide-covered altar of Uskayaw.
  1179 | D:2      | Noticed Sigmund
  1719 | D:3      | Found a snail-covered altar of Cheibriados.
  1747 | D:3      | Reached XP level 5. HP: 19/28 MP: 4/6
  1759 | D:3      | Reached skill level 3 in Short Blades
  1974 | D:3      | Found a bloodstained altar of Trog.
  1979 | D:3      | Became a worshipper of Trog the Wrathful
  1990 | D:3      | Found a burning altar of Makhleb.
  2138 | D:3      | Found Iveacut's Distillery.
  2620 | D:4      | Reached XP level 6. HP: 32/32 MP: 7/7
  2627 | D:4      | Noticed Natasha
  2635 | D:4      | Killed Natasha
  2728 | D:4      | Noticed Edmund
  2766 | D:4      | Killed Edmund
  2767 | D:4      | Reached skill level 4 in Short Blades
  2767 | D:4      | Reached XP level 7. HP: 18/37 MP: 3/8
  2934 | D:4      | Found a glowing silver altar of Zin.
  2966 | D:4      | Noticed Natasha
  2974 | D:4      | Killed Natasha
  3003 | D:4      | Noticed Natasha
  3021 | D:4      | Slain by an iguana

Illustrated notes

Levels and vault maps discovered:
D:1:      spicycebolla_arrival_ecumenical, layout_basic
D:2:      layout_rooms, basic_altar, uniq_robin, uniq_sigmund
D:3:      layout_loops_corners, slow_altar_1, mainiacjoe_overflow_swirl,
          serial_shops, nicolae_diamond_shop, grunt_decor_fettered,
          due_unseen_surprise
D:4:      layout_layer_cave, zin_statuary, uniq_natasha, uniq_edmund

Skill      XL: |  1  2  3  4  5  6 |
---------------+-------------------+-----
Short Blades   | 2 3 4 |  4.1
Dodging        | 1 2 3 |  3.1
Fighting       | 3 |  3.7
Armour         | 3 |  3.4
Shields        | |  2.7

Action                   |  1- 3 |  4- 6 |  7- 9 || total
-------------------------+-------+-------+-------++-------
Melee: Rapier            |    86 |   180 |    30 ||   296
       Bite              |    16 |    39 |     8 ||    63
       Punch             |     2 |     5 |       ||     7
       Unarmed           |       |     2 |       ||     2
  Use: Potion            |     1 |     4 |     1 ||     6
       Scroll            |       |    10 |       ||    10
 Stab: Invisible         |       |     4 |       ||     4
Armor: Scale mail        |    57 |     6 |       ||    63
       Chain mail        |       |    63 |    28 ||    91
Dodge: Dodged            |    46 |    86 |    23 ||   155

Table legend: (Time is in decaauts)
 A = Elapsed time spent in this place.
 B = Non-inter-level travel time spent in this place.
 C = Inter-level travel time spent in this place.
 D = Time resting spent in this place.
 E = Time spent auto-exploring this place.
 F = Levels seen in this place.
 G = Mean time per level.
                   A        B        C        D        E       F      G
               +--------+--------+--------+--------+--------+-----+--------+
         Total |   3009 |   2809 |    200 |     26 |   2073 |   4 |  752.2 |
       Dungeon |   3009 |   2809 |    200 |     26 |   2073 |   4 |  752.2 |
               +--------+--------+--------+--------+--------+-----+--------+

Top non-repeatable levels by time:
     D:3: 1047 daAuts
     D:1: 820 daAuts
     D:2: 694 daAuts
     D:4: 446 daAuts
